[Event "*** Titled Tuesday Blitz"]
[Site "Chess.com"]
[Date "2020.11.10"]
[Round "6"]
[White "nochewycandy"]
[Black "Onischuk_V"]
[Result "0-1"]
[WhiteElo "2535"]
[BlackElo "2857"]
[TimeControl "180+1"]
[EndTime "11:11:10 PST"]
[Termination "Onischuk_V won by checkmate"]

1. e4 e5 2. Qh5 Nc6 3. Bc4 g6 4. Qf3 Nf6 5. Ne2 Bg7 6. Nbc3 O-O 7. d3 h6 8. g4 Nb4 9. Bb3 Nh7 10. a3 Nc6 11. h4 d6 12. g5 h5 13. Be3 Nd4 14.
Bxd4 exd4 15. Nd5 Bg4 16. Qg2 Bxe2 17. Kxe2 Re8 18. Nf4 Nf8 19. Rhg1 Qd7 20. Rae1 Kh8 21. Kd1 Be5 22. Qf3 Kg7 23. Ne2 a5 24. Qg2 a4 25.
Ba2 Ne6 26. Bxe6 Qxe6 27. f4 Qa2 28. fxe5 dxe5 29. Nc1 Qxb2 30. Rgf1 Ra6 31. Qf2 Re7 32.
Qd2 Qxa3 33. Rf6 Qc5 34. Rxa6 bxa6 35. Rf1 c6 36. Qf2 Rd7 37. Qf6+ Kg8 38. Kd2 a3 39.
Ne2 a2 40. Ra1 Qa5+ 41. Kd1 Rb7 42. Nc1 Rb1 43. Rxa2 Qxa2 44. Qd8+ Kh7 45. Qf8 Qe6 46. Kd2 a5 47. Ne2 Rb7 48. Ng3 Qe7 49. Qc8 Rd7 50. Qxc6 Rc7 51. Qb6 Qc5 52. Qb3 Qb4+ 53. Qxb4 axb4 54. Kc1 b3 55. Kb2 Rxc2+ 56. Kxb3 Rg2 57.
Nf1 Rf2 58. Ng3 Rf3 59. Ne2 Rxd3+ 60. Kc4 Re3 61. Nc1 Rxe4 62. Kd5 Rxh4 63. Nd3 Kg7 64. Nxe5 Rg4 65. Nxg4 hxg4 66. Kxd4 f5 67. gxf6+ Kxf6 68. Ke4 Kg5 69. Ke3 Kh4 70. Kf2 Kh3 71. Kg1 Kg3 72. Kh1 Kf2 73. Kh2 g3+ 74. Kh3 g2 75. Kh4 g1=Q 76. Kh3 Qg3# 0-1

[Event "*** Titled Tuesday Blitz"]
[Site "Chess.com"]
[Date "2020.11.10"]
[Round "6"]
[White "MIJuanReyesRosa"]
[Black "mikheeva86"]
[Result "0-1"]
[WhiteElo "2106"]
[BlackElo "2002"]
[TimeControl "180+1"]
[EndTime "11:11:10 PST"]
[Termination "mikheeva86 won by checkmate"]

1. d4 Nf6 2. Nf3 e6 3. c4 d5 4. Nc3 Bb4 5. cxd5 exd5 6. Bg5 O-O 7. e3 h6 8. Bxf6 Qxf6 9. Be2 Bf5 10. O-O c6 11.
Qb3 Qe7 12. Rac1 Nd7 13. a3 Bxc3 14. Rxc3 Nf6 15. Ne5 Ne4 16. Rcc1 Nd2 17. Qa4 Nxf1 18. Bxf1 f6 19. Nf3 Rfc8 20. b4 Bd7 21. Qb3 Be6 22.
Qb2 a5 23. b5 cxb5 24. Bxb5 Rxc1+ 25. Qxc1 Rc8 26. Qb2 Qc7 27. h3 Qc1+ 28. Qxc1 Rxc1+ 29. Kh2 Ra1 30. a4 Kf7 31. Kg3 Ke7 32. Nd2 Bd7 33. Nb3 Ra3 34. Bxd7 Kxd7 35. Nc5+ Kc6 36. Kf4 b5 37. axb5+ Kxb5 38. Kf5 Ra2 39. g4 Rxf2+ 40. Kg6 Rf3 41. h4 Rxe3 42. Kxg7 Rg3 43. Kxf6 Rxg4 44. h5 Rxd4 45. Nb3 Rh4 46. Nd2 Rxh5 47. Kg6 Rh1 48. Kf5 a4 49. Kg4 a3 50. Nb1 a2 51.
Kg3 a1=Q 52. Kg4 Qxb1 53. Kf4 Qe4+ 54. Kg3 Rg1+ 55. Kf2 Qg2+ 56. Ke3 Qg4 57. Kd3 Rg3+ 58. Kd2 Qd4+ 59. Ke2 Qb2+ 60. Kf1 Rg2 61. Ke1 Qe2# 0-1

[Event "*** Titled Tuesday Blitz"]
[Site "Chess.com"]
[Date "2020.11.10"]
[Round "6"]
[White "Infernal_XaM"]
[Black "starworld123"]
[Result "1/2-1/2"]
[WhiteElo "2826"]
[BlackElo "2681"]
[TimeControl "180+1"]
[EndTime "11:11:11 PST"]
[Termination "Game drawn - insufficient material"]

1. d4 Nf6 2. c4 e6 3. Nc3 Bb4 4.
e3 O-O 5. Ne2 c5 6. a3 Bxc3+ 7.
Nxc3 cxd4 8. Qxd4 Nc6 9. Qd6 Ne8 10. Qd2 Nf6 11. Be2 d5 12. cxd5 exd5 13. O-O Bf5 14. Rd1 Re8 15. b4 Rc8 16. Bb2 Ne5 17. Nxd5 Rc2 18.
Nxf6+ Qxf6 19. Bxe5 Qxe5 20. Qe1 Be4 21. Bf1 h5 22.
Rac1 Ra2 23. Rc5 Qf6 24. Rxh5 Rxa3 25. Ra5 Rxa5 26. bxa5 Bc6 27. Qb4 Rd8 28. Rxd8+ Qxd8 29. Qc3 Qd1 30. h4 g6 31. Qd4 Qe1 32. Qxa7 Bb5 33. Qb8+ Kh7 34. Qxb7 Qxf1+ 35. Kh2 Bc4 36. Kg3 Qa1 37. Qc7 Be6 38. Qc5 Qa4 39. f3 Qa1 40. Qb4 Qa2 41. e4 Bc4 42. Qc5 Bf1 43. Qf2 Qa1 44.
Qa7 Qa2 45. Qf2 Qa1 46. Kh2 Qe5+ 47. f4 Qb5 48. Qb6 Qe2 49. Qg1 Qb5 50. Qf2 Bd3 51.
Qe3 Bc2 52. e5 Qxa5 53. e6 fxe6 54. Qxe6 Qa7 55. Qf6 Bf5 56. h5 Qg7 57. Qg5 Qh6 58. Qxh6+ Kxh6 59. hxg6 Kxg6 60. Kg3 Kh5 61. Kf2 Bg4 62. g3 Kg6 63. Ke3 Kf5 64. Kd4 Bd1 65. Kc5 Bg4 66. Kd6 Bf3 67. g4+ Kxg4 68. f5 Kxf5 1/2-1/2

[Event "*** Titled Tuesday Blitz"]
[Site "Chess.com"]
[Date "2020.11.10"]
[Round "6"]
[White "valeriocarnicelli"]
[Black "Das_Virus_2020"]
[Result "1-0"]
[WhiteElo "2570"]
[BlackElo "2417"]
[TimeControl "180+1"]
[EndTime "11:11:11 PST"]
[Termination "valeriocarnicelli won by resignation"]

1. d4 Nf6 2. Bf4 c5 3. e3 e6 4.
Nd2 b6 5. c3 Bb7 6. Ngf3 Be7 7.
Bd3 Nh5 8. Bg3 Nxg3 9. hxg3 h6 10. Qc2 d6 11. g4 Rg8 12. O-O-O Nd7 13. Kb1 Qc7 14.
Be4 d5 15. Bh7 Rf8 16. Bd3 O-O-O 17. Be2 Kb8 18. Ne1 Rc8 19. f4 cxd4 20. cxd4 Qxc2+ 21. Nxc2 Rc7 22. Ne1 a6 23. Ndf3 Ka7 24. Nd3 a5 25.
Nde5 Nxe5 26. Nxe5 Ba6 27. Bxa6 Kxa6 28. Rc1 Kb7 29.
Rxc7+ Kxc7 30. Rc1+ Kb7 31. a4 f6 32. Nd3 Rc8 33.
Rxc8 Kxc8 34. Kc2 Kc7 35. Nc1 Kc6 36. Kd3 b5 37. b3 bxa4 38. bxa4 Bb4 39. Ne2 Kd6 40.
Ng3 g5 41. f5 Be1 42. Nh5 Ke7 43. fxe6 Kxe6 44. Ng7+ Kf7 45. Nf5 Ke6 46. Nxh6 Bg3 47. e4 dxe4+ 48. Kxe4 Bb8 49. Nf5 Kd7 50. d5 Be5 51.
Kd3 Bf4 52. Kc4 Kc7 53. Kc5 Kd7 54. Kb5 Bd2 55. Kb6 Bc3 56. Kc5 Bd2 57. d6 Bf4 58. Kd5 Be5 59. g3 Bc3 60. Ne3 Be1 61. Nc4 Bxg3 62.
Nb6+ Kd8 63. Ke6 Bf2 64. Nd5 Bd4 65. Nxf6 Bxf6 66. Kxf6 Kd7 67. Kxg5 Kxd6 68. Kf6 Kc5 69. g5 Kb4 70. g6 Kxa4 71. g7 Kb3 72. g8=Q+ 1-0

[Event "*** Titled Tuesday Blitz"]
[Site "Chess.com"]
[Date "2020.11.10"]
[Round "6"]
[White "enriquetejedor"]
[Black "PavelShkapenko"]
[Result "0-1"]
[WhiteElo "2489"]
[BlackElo "2664"]
[TimeControl "180+1"]
[EndTime "11:11:12 PST"]
[Termination "PavelShkapenko won on time"]

1. e4 e5 2. Nf3 Nc6 3. d4 exd4 4. Nxd4 Bc5 5. Nf5 d5 6. Qxd5 Qxd5 7. exd5 Nb4 8. Bb5+ Kf8 9. Ne3 Bxe3 10. Bxe3 Nxc2+ 11. Kd2 Nxe3 12. fxe3 Ne7 13. Nc3 Bg4 14. h3 Bh5 15. e4 f6 16. g4 Bf7 17. Rae1 Ng6 18. Rhf1 Rd8 19. Kc2 h6 20. Bc4 Ne5 21. Bb3 Ke7 22.
Ne2 h5 23. gxh5 Rxh5 24. Nf4 Rh4 25. Re3 g5 26. Ne2 Bg6 27. Nc3 Rdh8 28. d6+ cxd6 29. Nd5+ Kd8 30. Rxf6 Bxe4+ 31. Kc1 Nd3+ 32. Kd2 Nc5 33.
Bc4 Bxd5 34. Rxd6+ Kc7 35. Rxd5 Rxc4 36. Rxg5 Ne4+ 37.
Kd3 Nxg5 38. Kxc4 Rxh3 39. Re5 Rh4+ 40. Kb3 Ne4 41. Re7+ Kc6 42. Re6+ Nd6 43. Re3 a5 44. a3 a4+ 45. Ka2 Rh2 46. Rc3+ Kd5 47. Rc7 b5 48. Rc1 Nc4 49. Rd1+ Kc5 50. Rb1 Kd4 51. Ka1 Rxb2 52.
Rxb2 Nxb2 53. Kxb2 Kd3 54. Kb1 Kc3 55. Ka2 Kc2 0-1

[Event "*** Titled Tuesday Blitz"]
[Site "Chess.com"]
[Date "2020.11.10"]
[Round "6"]
[White "IMprovidence"]
[Black "Margarita2907"]
[Result "1-0"]
[WhiteElo "2386"]
[BlackElo "2225"]
[TimeControl "180+1"]
[EndTime "11:11:12 PST"]
[Termination "IMprovidence won on time"]

1. Nf3 Nf6 2. g3 c5 3. Bg2 Nc6 4. O-O e5 5. c3 d5 6. d4 Bd6 7. dxe5 Nxe5 8. Nxe5 Bxe5 9. Be3 d4 10. cxd4 cxd4 11.
Bg5 O-O 12. Nd2 h6 13. Nf3 hxg5 14. Nxe5 Qd6 15. Nf3 Rd8 16. Nxg5 Rb8 17. Qd3 Be6 18. Rfd1 Rd7 19. Rd2 Rbd8 20. Rad1 Bxa2 21. b3 Qa3 22.
b4 Qxd3 23. Rxd3 Bc4 24. R3d2 d3 25. exd3 Bxd3 26. Bxb7 Rxb7 27. Rxd3 Rxd3 28. Rxd3 g6 29. Rd4 Rb5 30. h4 Nd5 31. Kg2 Nxb4 32. Rd8+ Kg7 33.
Rd7 Rf5 34. Rxa7 Nc6 35. Rc7 Nd4 36. Rd7 Nb5 37. Ne6+ Kg8 38. Nf4 Rc5 39. Nd5 Nc3 40. Nf6+ Kg7 41. Ne8+ Kf8 42. Nd6 Rd5 43. Rxf7+ Kg8 44. Rc7 Nd1 45. Ne4 Rd4 46. Kf3 Kf8 47. g4 Rd5 48. Ke2 Nb2 49. f4 Rd4 50. Ke3 Ra4 51.
Ng5 Nd1+ 52. Ke2 Nb2 53. Ne6+ Kg8 54. Ke3 Nc4+ 55. Kf3 Nd6 56. Rd7 Ra3+ 57. Ke2 Ra2+ 58. Ke3 Ra3+ 59. Kd4 Nb5+ 60. Ke5 Nc3 61. Kf6 Ne4+ 62.
Kxg6 Ra8 63. Rg7+ 1-0

[Event "*** Titled Tuesday Blitz"]
[Site "Chess.com"]
[Date "2020.11.10"]
[Round "6"]
[White "Sviridov_Valery"]
[Black "asms9699"]
[Result "0-1"]
[WhiteElo "2774"]
[BlackElo "2600"]
[TimeControl "180+1"]
[EndTime "11:11:13 PST"]
[Termination "asms9699 won by resignation"]

1. Nf3 d5 2. g3 Nf6 3. Bg2 c5 4. O-O Nc6 5. d4 e6 6. c4 dxc4 7. Qa4 Bd7 8. dxc5 Bxc5 9. Qxc4 Be7 10. Rd1 O-O 11. Nc3 Rc8 12. Bg5 h6 13. Bxf6 Bxf6 14. Qb3 Na5 15. Qa3 Be7 16. b4 Nc6 17. Qb3 Bxb4 18.
Ne4 Qc7 19. Rac1 Rfd8 20. Ne1 Qb6 21. e3 Na5 22. Qb2 Rxc1 23. Qxc1 Bc6 24. Nd3 Be7 25.
h4 Bd5 26. Rd2 Nc4 27. Rc2 Ba3 28. Qa1 Be7 29. Nf4 Qa5 30. Nxd5 exd5 31. Nc3 Bf6 32. Qc1 Bxc3 33. Rxc3 Qxa2 34. e4 b5 35. exd5 a5 36.
Bf1 Rxd5 37. Bxc4 bxc4 38. Rxc4 Qb3 39. Rc8+ Kh7 40. Kh2 Rd1 41. Qf4 Qd5 42. f3 Qd2+ 43.
Qxd2 Rxd2+ 44. Kh3 a4 45. Rc7 f6 46. h5 Rd3 47. f4 a3 48. Ra7 Kg8 49. Kg4 Kf8 50.
Ra8+ Kf7 51. Ra7+ Kf8 52. Ra8+ Kf7 53. Ra7+ Kg8 54. Ra8+ Kh7 55. Ra7 Rc3 56. Ra8 Rb3 57. Ra7 Re3 58. Ra8 Rd3 59. Ra7 Rc3 60. Ra8 Re3 61. Ra7 Kg8 62. Ra8+ Kf7 63. Ra7+ Ke6 64.
Ra8 f5+ 65. Kh4 Re2 66. Kh3 a2 67. Ra5 Kd6 68. Ra6+ Kc5 69. Ra8 Kb4 70. Rb8+ Kc3 71. Rc8+ Kb2 72. Rb8+ Kc1 73. Rc8+ Kb1 74. Ra8 a1=Q 0-1

[Event "*** Titled Tuesday Blitz"]
[Site "Chess.com"]
[Date "2020.11.10"]
[Round "6"]
[White "nicoderboss24"]
[Black "gilbert_gm"]
[Result "1-0"]
[WhiteElo "2257"]
[BlackElo "2538"]
[TimeControl "180+1"]
[EndTime "11:11:15 PST"]
[Termination "nicoderboss24 won by resignation"]

1. e4 Nf6 2. e5 Ng8 3. Nf3 d6 4.
d4 dxe5 5. Nxe5 Nd7 6. Bf4 Ngf6 7. Nc3 c6 8. Bc4 e6 9. O-O Be7 10. Ne2 O-O 11. c3 c5 12. dxc5 Nxe5 13. Bxe5 Bxc5 14. Qxd8 Rxd8 15. Rfd1 Bd7 16. Ng3 Bc6 17. Be2 a5 18. Rxd8+ Rxd8 19. Rd1 Rxd1+ 20. Bxd1 Kf8 21. h3 b5 22. Kf1 a4 23. f3 Nd7 24. Bf4 Ke7 25. Bc2 Bd6 26. Bxd6+ Kxd6 27. Be4 Nc5 28. Bxc6 Kxc6 29.
Ke2 g6 30. Kd2 e5 31. Kc2 f5 32. b3 Kd5 33. Nf1 f4 34. Nd2 axb3+ 35. axb3 g5 36. b4 Na4 37. Ne4 h6 38. Kd3 Nb2+ 39.
Ke2 Nc4 40. Nf6+ Ke6 41. Ne8 Kd7 42. Nf6+ Ke7 43. Ng8+ Ke6 44. Nxh6 Ne3 45. g3 Kd5 46. Nf7 Nf5 47. g4 Nh4 48. Nxg5 Kc4 49. Ne4 Ng6 50. g5 Kd5 51. Kd3 Nh4 52. Nd2 Ng6 53. c4+ bxc4+ 54.
Nxc4 Nh4 55. Nd2 Ng6 56. Ke2 Kd4 57. Ne4 Nh4 58. Nd6 Kd5 59. Nf7 Nf5 60. Nh6 Nd4+ 61. Kf2 Ke6 62. Ng4 Kf5 63. h4 Nb5 64. Nh6+ Kg6 65.
Ng8 Nd4 66. Ne7+ Kh5 67. Nd5 Kxh4 68. g6 Ne6 69. b5 Kg5 70. g7 Kg6 71. g8=Q+ 1-0

[Event "*** Titled Tuesday Blitz"]
[Site "Chess.com"]
[Date "2020.11.10"]
[Round "6"]
[White "sm_sharon"]
[Black "Javylavilla"]
[Result "1-0"]
[WhiteElo "2142"]
[BlackElo "2250"]
[TimeControl "180+1"]
[EndTime "11:11:16 PST"]
[Termination "sm_sharon won by checkmate"]

1. e4 c5 2. Nf3 Nc6 3. g3 d6 4. Bg2 g6 5. O-O Bg7 6. c3 Nf6 7. Qe2 O-O 8. Rd1 Bg4 9. h3 Bxf3 10. Bxf3 e5 11. d3 Qd7 12. Bg2 Rae8 13. Bg5 h6 14. Bxf6 Bxf6 15. Nd2 Bg7 16. Nc4 b5 17. Ne3 f5 18. Nd5 f4 19. gxf4 exf4 20. Qg4 Qf7 21. Bf3 Ne5 22. Qg2 g5 23. Kh1 h5 24. Rg1 Re6 25. Rad1 g4 26. hxg4 hxg4 27. Bxg4 f3 28. Qh2 Nxg4 29. Rxg4 Rfe8 30. Rdg1 Kf8 31. Rf4 Rh6 32.
Rxf7+ Kxf7 33. Qxh6 Bxh6 34. Rg3 c4 35. Rxf3+ Kg7 36. Rg3+ Kf7 37. f3 cxd3 38. Rg1 Rg8 39. Rd1 d2 40. f4 Re8 41. Rxd2 Rxe4 42. Kg2 Ke6 43. f5+ Kxf5 44. Rf2+ Ke5 45. Nc7 Rg4+ 46.
Kf3 Rf4+ 47. Ke2 Rxf2+ 48. Kxf2 Bc1 49. b3 Bb2 50. Nxb5 a6 51. Nc7 a5 52. Nb5 Kd5 53. Ke2 Kc5 54. a4 d5 55. Kd3 Bc1 56. Kc2 Bf4 57.
Nd4 Be5 58. Ne6+ Kd6 59. Ng5 Bg3 60. Kd3 Kc5 61. Ne6+ Kd6 62. Ng5 Kc5 63. c4 d4 64.
Ne4+ Kb4 65. Nxg3 Kxb3 66. Kxd4 Kxa4 67. Ne4 Kb4 68. Nc3 a4 69. Nxa4 Kxa4 70. Kc5 Ka5 71.
Kd6 Ka6 72. c5 Kb7 73. Kd7 Kb8 74. c6 Ka7 75. c7 Kb6 76. c8=Q Kb5 77. Kd6 Kb4 78. Kd5 Kb5 79. Qb8+ Ka5 80. Kc4 Ka6 81. Kc5 Ka5 82. Qa8# 1-0

[Event "*** Titled Tuesday Blitz"]
[Site "Chess.com"]
[Date "2020.11.10"]
[Round "6"]
[White "Alomaterapia"]
[Black "ARTHURMOTIVATOR"]
[Result "0-1"]
[WhiteElo "2460"]
[BlackElo "2360"]
[TimeControl "180+1"]
[EndTime "11:11:17 PST"]
[Termination "ARTHURMOTIVATOR won by checkmate"]

1. e4 c6 2. d4 d5 3. e5 c5 4. dxc5 e6 5. Bd3 Nc6 6. Nf3 Bxc5 7. O-O Nge7 8. a3 Ng6 9. b4 Be7 10. Bb2 O-O 11. c4 Nf4 12. Nc3 Nxd3 13. Qxd3 dxc4 14. Qxc4 a6 15. Rfd1 Qe8 16. Qg4 Kh8 17. Ne4 f5 18. exf6 gxf6 19. Qh4 e5 20. Nd6 Qg6 21. Nxc8 Raxc8 22. Rd7 Rg8 23. Qh3 Rcd8 24. Rxb7 Qc2 25. Rf1 Qxb2 26.
Rc7 Qc2 27. Qe6 Rd6 28. Qxe7 Nxe7 29. Rxc2 Rd3 30. Nd2 Nd5 31. Ne4 Nf4 32. g3 Rg6 33. Re1 Rxa3 34. Nd6 Kg7 35. Nf5+ Kf7 36. Rc7+ Ke6 37.
Ne3 Nd3 38. Rd1 e4 39. Kg2 Ra2 40. Rf1 Rg5 41. h4 Rb5 42. Rc6+ Kf7 43. Rc4 Rb2 44. Rxe4 R5xb4 45. Rxb4 Rxb4 46. Kf3 a5 47. Nd5 Rb3 48. Ne3 Ne5+ 49. Ke4 a4 50. Ra1 a3 51. f4 Nc6 52. g4 Nb4 53. Nc4 Rg3 54. g5 fxg5 55. hxg5 a2 56. Ne5+ Ke7 57. Nc4 Rg2 58. Ne3 Re2 59.
Kf3 Rxe3+ 60. Kxe3 Nc2+ 61. Kd3 Nxa1 62. Kc3 Nb3 63.
Kxb3 a1=Q 64. Kc4 Qa3 65. Kd4 Qb4+ 66. Ke5 Qc5+ 67. Ke4 Ke6 68. Kf3 Kf5 69. Kg3 Qe3+ 70. Kh4 Qxf4+ 71. Kh5 Qxg5# 0-1

[Event "*** Titled Tuesday Blitz"]
[Site "Chess.com"]
[Date "2020.11.10"]
[Round "6"]
[White "Mambastik-Fantastic"]
[Black "HouseOfDurin"]
[Result "1-0"]
[WhiteElo "2288"]
[BlackElo "2170"]
[TimeControl "180+1"]
[EndTime "11:11:18 PST"]
[Termination "Mambastik-Fantastic won by resignation"]

1. e4 c5 2. Nf3 Nc6 3. d4 cxd4 4.
Nxd4 a6 5. c4 e5 6. Nc2 Nf6 7.
Nc3 Be7 8. Be2 O-O 9. Bg5 d6 10. Bxf6 Bxf6 11. O-O Be6 12. Ne3 g6 13. Bg4 Bxg4 14.
Qxg4 Bg7 15. Ned5 f5 16. exf5 gxf5 17. Qh5 Nd4 18. Rad1 Qe8 19. Qg5 Qf7 20. Rd3 Rae8 21. Rh3 Re6 22. Kh1 Rfe8 23. f4 e4 24. Ne3 Rg6 25.
Qh5 Rh6 26. Qxf7+ Kxf7 27. Rxh6 Bxh6 28. Ncd5 b5 29. cxb5 axb5 30. g4 fxg4 31. Nxg4 Bg7 32. Nge3 Ra8 33. a3 Rc8 34. f5 Be5 35. Rg1 Nf3 36.
Rd1 Bxb2 37. Kg2 Be5 38. h3 Nd4 39. Kf2 Rg8 40. Nc7 Bg3+ 41. Kf1 Bf4 42. Ncd5 Bxe3 43.
Nxe3 Rg3 44. Rxd4 Rxe3 45. Rxd6 Rf3+ 46. Ke2 Rxf5 47. Rd4 Re5 48. Ke3 Kg6 49. Rxe4 Rxe4+ 50. Kxe4 Kg5 51. Kd5 Kh4 52. Kc5 Kxh3 53. Kxb5 Kg3 54. a4 h5 55. a5 h4 56. a6 h3 57. a7 h2 58. a8=Q Kf2 59. Qh1 Kg3 60. Kc5 Kh3 61. Kd5 Kg3 62. Ke4 Kh3 63. Kf3 Kh4 64. Qxh2+ Kg5 65. Qf4+ Kg6 66. Ke4 Kg7 67. Qf5 Kg8 68.
Qf6 Kh7 69. Qg5 Kh8 70. Kf5 1-0

[Event "*** Titled Tuesday Blitz"]
[Site "Chess.com"]
[Date "2020.11.10"]
[Round "6"]
[White "Supernotar"]
[Black "WPWPWP-2015"]
[Result "1-0"]
[WhiteElo "2848"]
[BlackElo "2534"]
[TimeControl "180+1"]
[EndTime "11:11:19 PST"]
[Termination "Supernotar won by checkmate"]

1. d4 Nf6 2. c4 e6 3. Nf3 b6 4. g3 Ba6 5. Nbd2 Be7 6. Bg2 Bb7 7. O-O O-O 8. Qc2 d6 9. e4 Nbd7 10. b3 c5 11. Bb2 cxd4 12. Nxd4 Qc8 13. Rfd1 a6 14.
a4 Rd8 15. Rac1 Ne5 16. h3 Nc6 17. Kh2 Nd7 18. N2f3 Nc5 19. Nxc6 Bxc6 20. Nd4 Bb7 21. b4 Nd7 22. Nb3 Qc7 23. a5 Rac8 24. axb6 Qxb6 25.
Na5 Ba8 26. Bc3 Ne5 27. Qe2 Bf6 28. Qd2 h6 29. Bd4 Qb8 30. f4 Nd7 31. Bxf6 Nxf6 32. Rb1 Bxe4 33. Rb2 Bxg2 34. Qxg2 Qa8 35. Qxa8 Rxa8 36. Nc6 Rd7 37. Ra1 Ne4 38. b5 Nc5 39. Rba2 Rc7 40. Kg2 d5 41. cxd5 exd5 42. Rc2 Nb3 43. Ra3 Nd2 44. Rxd2 Kf8 45. Rxd5 Rac8 46. Rxa6 Rb7 47. Ra5 g6 48. Rd8+ Rxd8 49. Nxd8 Rb6 50. Nc6 Ke8 51. Kf3 Kd7 52. Ke4 Kd6 53. Kd4 h5 54. g4 hxg4 55. hxg4 Rb7 56. Kc4 f5 57. g5 Rh7 58. Nd4 Rh4 59. b6 Rxf4 60. Rb5 Kd7 61.
b7 Rg4 62. b8=Q Rxd4+ 63. Kxd4 f4 64. Qb6 f3 65. Rd5+ Ke7 66. Rc5 Kf7 67. Rc7+ Kg8 68. Qb8# 1-0

[Event "*** Titled Tuesday Blitz"]
[Site "Chess.com"]
[Date "2020.11.10"]
[Round "6"]
[White "Meri-Arabidze"]
[Black "Igor_Lysyj"]
[Result "0-1"]
[WhiteElo "2615"]
[BlackElo "2827"]
[TimeControl "180+1"]
[EndTime "11:11:20 PST"]
[Termination "Igor_Lysyj won on time"]

1. d4 d5 2. c4 e6 3. Nf3 dxc4 4.
e3 Nf6 5. Bxc4 c5 6. O-O cxd4 7. exd4 Be7 8. Nc3 O-O 9. Qe2 a6 10. Bg5 b5 11. Bb3 Bb7 12. Rad1 Nbd7 13. Rfe1 b4 14. d5 exd5 15. Nxd5 Bxd5 16. Bxd5 Nxd5 17. Rxd5 Bxg5 18. Nxg5 h6 19. Nf3 Qc8 20. Red1 Nf6 21. R5d4 a5 22. h3 Re8 23. Qb5 Qe6 24. b3 Ne4 25. Re1 f5 26.
Nd2 Nc3 27. Rxe6 Nxb5 28. Rxe8+ Rxe8 29. Rd5 Nc3 30. Rxa5 Re1+ 31. Kh2 Re2 32. Nc4 Rxf2 33. Kg3 Ne4+ 34. Kh2 f4 35. Ne5 Nc3 36. a3 Ra2 37. axb4 Re2 38. Nf3 Rb2 39. Ra8+ Kh7 40. Rf8 g5 41. Nd4 Ne4 42. Re8 Ng3 43. Re1 Kg6 44. b5 Rd2 45. Nf3 Rd5 46. b6 Rb5 47. Ne5+ Kf5 48.
Nc4 Rxb3 49. h4 g4 50. Re5+ Kf6 51. Re1 Rb4 52. Rc1 Ne4 53. Kg1 Kf5 54. h5 Rb3 55.
Kh2 Kg5 56. Kg1 g3 57. Nd6 Nxd6 58.
Rc5+ Kg4 59. Rc1 Rxb6 60. Rd1 Nf5 61. Rf1 Ne3 62. Re1 Rb2 0-1

[Event "*** Titled Tuesday Blitz"]
[Site "Chess.com"]
[Date "2020.11.10"]
[Round "6"]
[White "zurzan"]
[Black "CM_rui"]
[Result "0-1"]
[WhiteElo "2059"]
[BlackElo "2393"]
[TimeControl "180+1"]
[EndTime "11:11:21 PST"]
[Termination "CM_rui won on time"]

1. f4 Nf6 2. Nf3 e6 3. g3 c5 4. Bg2 Nc6 5. O-O d5 6. d3 Be7 7. c3 O-O 8. Qc2 Rb8 9. e4 Ne8 10. Rd1 b5 11. a3 a5 12. Be3 Ba6 13. exd5 exd5 14. Nbd2 Nc7 15. d4 c4 16. Ne5 Nxe5 17. fxe5 b4 18. axb4 axb4 19. Nf3 bxc3 20. bxc3 Rb3 21.
Rdb1 Qb8 22. Nd2 Rb7 23. Rxb7 Qxb7 24. Rb1 Qc8 25. h3 Qe6 26. g4 h5 27. Bf3 h4 28.
Bf2 Nb5 29. Ra1 Bc8 30. Nf1 Bd7 31. Ne3 Bc6 32. Nf5 Bg5 33. Ra6 Nc7 34. Rb6 Ra8 35. Qb2 g6 36. Rb8+ Kh7 37. Rxa8 Nxa8 38. Nd6 Nc7 39. Qb8 Qe7 40. Qb6 Bd7 41. Qxc7 Bf4 42. Nc8 Qe6 43. Nd6 g5 44. Bd1 Kg7 45. Qd8 Bg3 46.
Bxg3 hxg3 47. Kg2 Bc6 48. Qf6+ Qxf6 49. exf6+ Kxf6 50. Kxg3 Ke6 51. Nc8 Bb7 52. Nb6 f5 53. Na4 f4+ 54. Kf3 Kf6 55. Nc5 Bc8 56. Ba4 Ke7 57. Bc6 Kd6 58. Be8 Ke7 59. Bg6 Kf6 60. Bc2 Ke7 61. h4 gxh4 62. Kxf4 h3 63. Kg3 Bxg4 64. Kh2 Kf6 65. Ba4 Kg5 66. Bc6 Bf3 67. Nd7 Kf4 68. Nb6 Ke3 69. Nxd5+ Kd3 0-1

[Event "*** Titled Tuesday Blitz"]
[Site "Chess.com"]
[Date "2020.11.10"]
[Round "6"]
[White "XDPS"]
[Black "Vsevolod_Ovchinnikov"]
[Result "1/2-1/2"]
[WhiteElo "2785"]
[BlackElo "2530"]
[TimeControl "180+1"]
[EndTime "11:11:25 PST"]
[Termination "Game drawn by repetition"]

1. e4 e6 2. d4 d5 3. Nc3 Bb4 4. Ne2 dxe4 5. a3 Be7 6. Nxe4 Nf6 7. Nxf6+ Bxf6 8. Be3 b6 9. Qd2 Bb7 10. O-O-O Nd7 11. f3 Qe7 12. Nf4 g6 13. h4 O-O-O 14.
h5 Kb8 15. Kb1 e5 16. Ne2 exd4 17. Bxd4 Rhe8 18. Qc1 Bg5 19. f4 Bf6 20. hxg6 hxg6 21. Nc3 Nc5 22. Bxf6 Qxf6 23. Rxd8+ Rxd8 24. Rg1 Qd4 25. Be2 Re8 26. Bb5 Rh8 27. g4 a6 28. Be2 Ne4 29. Nxe4 Qxe4 30. Bd3 Qf3 31. f5 gxf5 32. gxf5 b5 33. Rf1 Qg3 34. f6 Bd5 35. a4 bxa4 36. Bxa6 Qd6 37. Bd3 Rh4 38. Qe1 a3 39.
Qe8+ Ka7 40. Qe7 a2+ 41. Ka1 Rh2 42. Qxd6 cxd6 43. c4 Be6 44. Kxa2 Kb6 45. Ka3 Kc5 46. Rf4 Rh3 47. b4+ Kb6 48. Rd4 Kc7 49. Ka4 Bd7+ 50. Kb3 Bf5 51. Kc3 Rf3 52. Rd5 Bxd3 53. Rxd3 Rxf6 54.
Re3 Kd7 55. b5 Rf1 56. Kb4 Rb1+ 57. Ka5 Rc1 58. Re4 f5 59. Rh4 Ke6 60. b6 Ke5 61. b7 Rb1 62. Ka6 d5 63. c5 d4 64. c6 Kd6 65.
Rh6+ Kc7 66. Rh7+ Kxc6 67. Rh6+ Kd5 68. Rb6 Ra1+ 69. Kb5 Rb1+ 70. Ka5 Ra1+ 71. Kb4 Rb1+ 72. Ka5 Ra1+ 73. Kb5 Rb1+ 74. Ka6 Ra1+ 75. Kb5 1/2-1/2

[Event "*** Titled Tuesday Blitz"]
[Site "Chess.com"]
[Date "2020.11.10"]
[Round "6"]
[White "Makswolf200817"]
[Black "Leo_C"]
[Result "1-0"]
[WhiteElo "2447"]
[BlackElo "2292"]
[TimeControl "180+1"]
[EndTime "11:11:25 PST"]
[Termination "Makswolf200817 won by resignation"]

1. d4 d5 2. c4 e6 3. Nc3 c6 4.
cxd5 exd5 5. Bf4 Bd6 6. Bxd6 Qxd6 7. Nf3 Nf6 8. e3 Bf5 9. Qb3 b6 10. Be2 O-O 11. O-O Nbd7 12. Rac1 Ne4 13. Rfd1 Ndf6 14. Qa4 b5 15. Qa6 Bc8 16. Qa5 Ng4 17. Rf1 b4 18.
Nxe4 dxe4 19. Ne5 Nxe5 20. dxe5 Qe7 21. Rxc6 Be6 22. Rfc1 Rfc8 23. h3 Rxc6 24. Rxc6 Rc8 25. Rxc8+ Bxc8 26. Qd5 g6 27. Qxe4 Kg7 28. Qd4 Be6 29. b3 Qc7 30. Qxb4 Qc1+ 31. Kh2 Qb2 32. Qb5 Qxa2 33. b4 Qb2 34. f4 a6 35. Qxa6 Qxb4 36.
Bf3 Qd2 37. Qb6 Qe1 38. Qd4 Qf2 39. Qd3 h5 40. e4 h4 41. f5 Qg3+ 42. Kg1 Qe1+ 43.
Qf1 Qxf1+ 44. Kxf1 gxf5 45. exf5 Bxf5 46. Kf2 Kh6 47.
Ke3 Kg5 48. Bd5 Bg6 49. Bb3 Kf5 50. Kd4 Kf4 51. Bd5 Kg3 52. Bc6 Kf4 53. Bb7 Kg3 54. Ke3 Bh5 55. Bd5 Bg6 56. Bc6 Bh5 57. Be4 Kh2 58.
Kf4 Kg1 59. Kg5 Be2 60. Kxh4 Kf2 61. Bd5 Ke3 62. g4 Kf4 63. Bxf7 Kxe5 64. Kg5 Bf1 65. h4 Kd6 66. Kf6 Kd7 67. g5 Bh3 68. g6 Kd6 69.
g7 Be6 70. Bxe6 1-0

[Event "*** Titled Tuesday Blitz"]
[Site "Chess.com"]
[Date "2020.11.10"]
[Round "6"]
[White "Neftegor"]
[Black "ShcufNaiRolf"]
[Result "1-0"]
[WhiteElo "2465"]
[BlackElo "2331"]
[TimeControl "180+1"]
[EndTime "11:11:27 PST"]
[Termination "Neftegor won by resignation"]

1. d4 d5 2. c4 c6 3. Nc3 Nf6 4. e3 e6 5. Nf3 Nbd7 6. Bd3 Bd6 7. e4 dxe4 8. Nxe4 Nxe4 9. Bxe4 O-O 10. O-O e5 11. dxe5 Nxe5 12. Nxe5 Bxe5 13. Bxh7+ Kxh7 14. Qh5+ Kg8 15. Qxe5 Re8 16. Qc3 Qh4 17. Be3 Re6 18.
f3 Rg6 19. Rf2 Be6 20. b3 Rd8 21. Bxa7 Bf5 22. Qe5 Bh3 23. Be3 Rd3 24. Qf4 Qe7 25. Re1 Rf6 26. Qg5 Bf5 27. Bd2 Qd7 28. Bf4 Rg6 29.
Qh4 Rd1 30. Re2 Qd4+ 31. Kh1 f6 32. Be3 Qd3 33. Qf2 b5 34. g4 Bd7 35. Kg2 bxc4 36.
bxc4 Be6 37. Kg3 Bxc4 38. Rxd1 Qxd1 39. Re1 Qd6+ 40. Bf4 Qd5 41. h4 f5 42. g5 Re6 43.
Rxe6 Qxe6 44. Qe3 Bd5 45. Qxe6+ Bxe6 46. a4 Bb3 47. a5 Bc4 48. h5 Kf7 49. g6+ Kf6 50. Bd2 Bd5 51. Kf4 Ke7 52. Bc3 Kf8 53.
a6 c5 54. a7 c4 55. Kxf5 Bxf3 56. Kg5 Kg8 57. Kf4 Bg2 58. Ke5 Bh1 59. Kd6 Bf3 60.
Kc7 Bh1 61. Kb8 Bf3 62. a8=Q Bxa8 63. Kxa8 Kh8 64. Kb7 Kg8 65. Kc6 Kh8 66. Kc5 Kg8 67.
Kxc4 Kh8 68. Kd5 Kg8 69. Ke6 Kh8 70. Kf5 Kg8 71. Kg5 Kh8 72. h6 Kg8 73. Bd4 Kh8 74. Bxg7+ Kg8 75. Bd4 1-0